 Dungeon Crawl Stone Soup version 0.30-a0-802-gb92711bcdf (webtiles) character file.

Game seed: 2589689600788308380

201 bande the Covered (level 5, 0/33 HPs)
             Began as a Gargoyle Fighter on Feb 23, 2023.
             Slain by a river rat (5 damage)
             ... on level 4 of the Dungeon.
             The game lasted 00:02:59 (2154 turns).

bande the Covered (Gargoyle Fighter)                Turns: 2154, Time: 00:03:00

Health: 0/33       AC: 15    Str: 19    XL:     5   Next: 79%
Magic:  5/5        EV:  7    Int:  9    God:
Gold:   85         SH:  4    Dex: 11    Spells: 4/4 levels left

rFire   + . .      SeeInvis .    a - +0 war axe
rCold   . . .      Faith    .    c - +0 buckler
rNeg    + . .      Spirit   .    t - +0 chain mail
rPois   ∞          Reflect  .    s - +0 helmet
rElec   +          Harm     .    k - +0 cloak
rCorr   .          Rampage  .    (no gloves)
Will    .....                    (no boots) Stlth
                                 (no amulet)
HPRegen 0.25/turn                o - ring of protection from fire
MPRegen 0.09/turn                (no ring)

@: no status effects
A: sickness immunity, AC +4, negative energy resistance 1, electricity
resistance, torment resistance 1, petrification resistance
a: no special abilities


You were on level 4 of the Dungeon.
You visited 1 branch of the dungeon, and saw 4 of its levels.

You collected 85 gold pieces.

Inventory:

Hand Weapons
 a - a +0 war axe (weapon)
Armour
 c - a +0 buckler (worn)
 k - a +0 cloak (worn)
 s - a +0 helmet (worn)
 t - a +0 chain mail (worn)
Jewellery
 b - a ring of magical power
 o - a ring of protection from fire (left hand)
Wands
 n - a wand of charming (8)
Scrolls
 e - a scroll of identify
 h - a scroll of magic mapping
 j - a scroll of torment {unknown}
 l - a scroll of fear {unknown}
 m - 4 scrolls of teleportation {unknown}
 r - a scroll of fog {unknown}
 u - a scroll of immolation {unknown}
 w - 3 scrolls of enchant weapon {unknown}
Potions
 d - a potion of might
 f - a potion of haste {unknown}
 g - 2 potions of magic
 i - a potion of degeneration {unknown}
 p - 2 potions of curing {unknown}
 q - a potion of brilliance {unknown}
 v - a potion of invisibility {unknown}


   Skills:
 + Level 4.1 Fighting
 + Level 4.0 Axes
 + Level 4.2 Armour
 + Level 3.8 Shields


You had 4 spell levels left.
You didn't know any spells.
Your spell library contained the following spells:

 Spells                   Type           Power      Damage    Failure   Level
 Kiss of Death            Conj/Necr      0%         2d5       99%         1
 Poisonous Vapours        Pois/Air       0%         N/A       100%        2
 Confusing Touch          Hex            0%         N/A       100%        3
 Mephitic Cloud           Conj/Pois/Air  0%         N/A       100%        3
 Dispel Undead            Necr           0%         3d6       100%        4
 Cigotuvi's Dreadful Rot  Necr/Pois/Air  Unusable   N/A       N/A         2

Dungeon Overview and Level Annotations

Branches:
Dungeon (4/15)             Temple (0/1) D:4

Altars:
Qazlal
Sif Muna
Xom

Shops:
D:2 =

Portals:
Sewer: D:4


Innate Abilities, Weirdness & Mutations

You are immune to sickness and miasma.
Your stone body is resilient. (AC +4)
You are immune to poison.
You resist negative energy. (rN+)
You are resistant to electric shocks. (rElec)
You are resistant to unholy torment.
You are immune to petrification.


Message History

You kill the giant cockroach!
You closely miss the river rat.
The river rat bites you but does no damage.
You slash the giant cockroach!
You kill the giant cockroach!
You hit the river rat but do no damage.
The river rat bites you but does no damage.
You hit the river rat but do no damage. x2; The river rat barely misses you.
The river rat bites you but does no damage.
The river rat barely misses you. The rat bites you but does no damage.
The river rat bites you but does no damage. x2
There is an open door here.
Things that are here:
a giant cockroach corpse; a ball python corpse You barely miss the rat.
You barely miss the river rat. You completely miss the river rat.
The rat bites you but does no damage. The river rat bites you. x2
You slash the rat!
You kill the rat!
You hit the river rat. You hit the river rat but do no damage.
The river rat closely misses you. The river rat barely misses you.
The river rat bites you.
The river rat bites you but does no damage.
You hit the river rat.
The river rat is severely wounded.
You hit the river rat. The river rat bites you.
* * * LOW HITPOINT WARNING * * *
The river rat closely misses you.
The river rat bites you but does no damage.
The river rat closely misses you.
You slash the river rat!
You kill the river rat!
You closely miss the river rat. The river rat barely misses you.
Your Axes skill increases to level 4!
You closely miss the river rat.
The river rat is moderately wounded.
The river rat bites you but does no damage.
The river rat bites you.
You die...

**,,**,#......,*......##..##.<.
*,,,,,.##.....,*,.....#..#*#..#
****,,,,........,,,,##.....###...
*,,,,,,,,.......,*###.......##.##
,,,,,,,,.##.....###.#..........#*
*,,,,,,,,.................##.#..#
*,,,,,,,,.######.######.######...
*,,,*,,,,,#~~~~#..# #.# *....
*****,,,*,#~~~~†@.# #.# *##..
***,,,#~∩~~#r.# **#.#** *,,..
*,,,#~~~~#..# **#+#** **,#.
**,,#~~~~#..#***⌠,⌠*****,,.
**,######...,,+,>.*,,,,,,*
*,,,,,,...##**⌠,⌠****,,**
*,,,<,*...# ***+*** *,,**
**,****#..# ***,*** *,,,, *,,,*
*,,* *,* *,,**


You could see a river rat.

Vanquished Creatures
  An ogre (D:4)
  4 adders
  A river rat (D:4)
  A white imp (D:3)
  2 worms (D:2)
  2 dart slugs
  5 endoplasms
  7 giant cockroaches
  8 goblins
  4 hobgoblins
  6 jackals (D:2)
  4 kobolds
  A quokka (D:3)
  7 ball pythons
  A bat (D:2)
  4 frilled lizards
  5 rats
63 creatures vanquished.

Notes
Turn   | Place    | Note
-------+----------+-------------------------------------------
     0 | D:1      | bande the Gargoyle Fighter began the quest for the Orb.
     0 | D:1      | Reached XP level 1. HP: 14/14 MP: 1/1
    71 | D:1      | Reached XP level 2. HP: 19/19 MP: 2/2
   866 | D:2      | Found a shimmering altar of Xom.
   876 | D:2      | Reached XP level 3. HP: 23/24 MP: 3/3
  1040 | D:2      | Found Yhisezu's Jewellery Boutique.
  1209 | D:2      | Reached XP level 4. HP: 29/29 MP: 4/4
  1913 | D:3      | Found a shimmering blue altar of Sif Muna.
  2053 | D:3      | Noticed a water elemental
  2055 | D:3      | Found a stormy altar of Qazlal.
  2058 | D:3      | Noticed an earth elemental
  2059 | D:3      | Noticed a fire elemental
  2059 | D:3      | Noticed an air elemental
  2097 | D:4      | Noticed an ogre
  2107 | D:4      | Killed an ogre
  2108 | D:4      | Reached XP level 5. HP: 17/33 MP: 5/5
  2137 | D:4      | Found a glowing drain.
  2154 | D:4      | Slain by a river rat

Illustrated notes

Levels and vault maps discovered:
D:1:      dpeg_arrival_simpleton_a, layout_basic
D:2:      layout_loops_cross, basic_altar, serial_shops, nicolae_square_shop,
          minmay_cupped
D:3:      layout_rooms, nicolae_qazlal_style_of_elements, led_sif_book
D:4:      minmay_octagon_keep, layout_cave_pools, tso_oasis_becter,
          temple_doors_e, portal_sewer_entry_c, gammafunk_ghost_cemetery,
          serial_park, serial_park_tiny_2, serial_park_tiny_1

Skill      XL: |  1  2  3  4  5 |
---------------+----------------+-----
Axes           | 2 3 4 |  4.0
Armour         | 4 |  4.2
Fighting       | 4 |  4.1
Shields        | |  3.8

Action                     |  1- 3 |  4- 6 || total
---------------------------+-------+-------++-------
  Melee: War axe           |    87 |    65 ||   152
    Use: Scroll            |       |     2 ||     2
 Armour: Scale mail        |    50 |    23 ||    73
         Chain mail        |       |    26 ||    26
  Dodge: Dodged            |    36 |    34 ||    70
  Block: Buckler           |    24 |     9 ||    33

Table legend: (Time is in decaauts)
 A = Elapsed time spent in this place.
 B = Non-inter-level travel time spent in this place.
 C = Inter-level travel time spent in this place.
 D = Time resting spent in this place.
 E = Time spent auto-exploring this place.
 F = Levels seen in this place.
 G = Mean time per level.
                   A        B        C        D        E       F      G
               +--------+--------+--------+--------+--------+-----+--------+
         Total |   2214 |   2183 |     31 |    115 |   1514 |   4 |  553.5 |
       Dungeon |   2214 |   2183 |     31 |    115 |   1514 |   4 |  553.5 |
               +--------+--------+--------+--------+--------+-----+--------+

Top non-repeatable levels by time:
     D:1: 879 daAuts
     D:2: 726 daAuts
     D:3: 544 daAuts
     D:4: 64 daAuts
